General information
- name: BNet
- type: Ladder team game (AT/RT)
- host: Battle.net
- saver: RodTheMighty
map: FullScaleAssault
- players: 8
- length: 52:13
- speed: Fast
- version: 1.26 W3XP
- replay type: Public
» download(238 KB)
Players
team 1 (loser)
CHICKENNTURKEY (
red | 27 APM | 1353 actions | 49:54)
7 Paladin
3 Holy Light
3 Divine Shield
1 Resurrection
» actions
| Assign group hotkey | 17 | |
| Basic commands | 18 | |
| Build / train | 80 | |
| Enter build submenu | 24 | |
| Enter hero's abilities submenu | 7 | |
| Give item / drop item | 2 | |
| Remove unit from queue | 1 | |
| Right click | 441 | |
| Select / deselect | 193 | |
| Select group hotkey | 460 | |
| Use ability | 110 | |
1353 total
» units
| Peasant | 14 | |
| Goblin Zeppelin | 4 | |
| Dragonhawk Rider | 6 | |
| Goblin Shredder | 1 | |
25 total
» upgrades
| Masonry | 3 | |
| Lumber Harvesting | 2 | |
| Cloud | 1 | |
6 total
» buildings
| Altar of Kings | 1 | |
| Farm | 8 | |
| Keep | 3 | |
| Scout Tower | 47 | |
| Lumber Mill | 1 | |
| Arcane Vault | 1 | |
| Arcane Tower | 2 | |
| Guard Tower | 27 | |
| Gryphon Aviary | 2 | |
| Castle | 1 | |
| Town Hall | 1 | |
94 total
» build order
00:11 Altar of Kings
00:24 Farm
02:00 Farm
02:07 Keep
02:25 Scout Tower
02:42 Lumber Mill
02:52 Arcane Vault
02:55 Arcane Tower
03:02 Scout Tower
03:03 Scout Tower
03:04 Scout Tower
03:05 Scout Tower
04:01 Guard Tower
05:27 Gryphon Aviary
05:28 Gryphon Aviary
06:22 Castle
07:42 Farm
07:42 Farm
07:42 Farm
07:50 Farm
08:12 Farm
08:23 Farm
13:16 Town Hall
14:23 Scout Tower
14:24 Scout Tower
14:24 Scout Tower
14:25 Scout Tower
14:25 Scout Tower
14:26 Scout Tower
14:27 Scout Tower
14:55 Guard Tower
14:56 Guard Tower
15:03 Scout Tower
15:04 Scout Tower
15:04 Scout Tower
15:05 Scout Tower
15:06 Scout Tower
15:06 Scout Tower
15:30 Scout Tower
15:31 Scout Tower
15:33 Guard Tower
15:33 Guard Tower
15:57 Guard Tower
15:58 Guard Tower
16:03 Scout Tower
16:04 Scout Tower
16:05 Scout Tower
16:06 Scout Tower
16:07 Scout Tower
16:07 Scout Tower
16:08 Scout Tower
16:08 Scout Tower
16:11 Keep
16:16 Guard Tower
16:32 Guard Tower
16:36 Guard Tower
16:37 Guard Tower
16:42 Guard Tower
16:56 Scout Tower
16:57 Scout Tower
17:02 Guard Tower
17:04 Scout Tower
17:05 Scout Tower
17:05 Scout Tower
17:06 Scout Tower
17:14 Guard Tower
17:41 Guard Tower
17:41 Guard Tower
17:42 Guard Tower
17:51 Scout Tower
17:51 Scout Tower
17:52 Scout Tower
17:52 Scout Tower
17:53 Scout Tower
17:54 Scout Tower
18:03 Guard Tower
18:03 Guard Tower
19:59 Guard Tower
20:15 Scout Tower
20:16 Scout Tower
20:16 Scout Tower
20:19 Scout Tower
20:19 Scout Tower
20:52 Guard Tower
25:24 Arcane Tower
» items
| Staff of Teleportation | 1 | |
| Dust of Appearance | 1 | |
| Scroll of Town Portal | 1 | |
| Scroll of Healing | 1 | |
| Potion of Lesser Invulnerability | 1 | |
| Potion of Invisibility | 1 | |
| Orb of Fire | 1 | |
7 total
FionaApple (
teal | 57 APM | 2839 actions | 49:54)
10 Archmage
3 Summon Water Elemental
3 Brilliance Aura
1 Mass Teleport
3 Blizzard
» actions
| Assign group hotkey | 77 | |
| Basic commands | 277 | |
| Build / train | 108 | |
| Enter build submenu | 90 | |
| Enter hero's abilities submenu | 10 | |
| Give item / drop item | 4 | |
| Right click | 745 | |
| Select / deselect | 467 | |
| Select group hotkey | 837 | |
| Use ability | 224 | |
2839 total
» units
| Peasant | 16 | |
| Footman | 4 | |
| Goblin Shredder | 2 | |
| Goblin Sapper | 6 | |
| Gryphon Rider | 4 | |
| Dragonhawk Rider | 4 | |
| Goblin Zeppelin | 3 | |
| Blue Dragon | 2 | |
41 total
» upgrades
| Swords | 3 | |
| Armor | 4 | |
| Animal War Training | 1 | |
| Masonry | 3 | |
| Cloud | 1 | |
| Storm Hammers | 1 | |
13 total
» buildings
| Altar of Kings | 3 | |
| Barracks | 2 | |
| Farm | 15 | |
| Arcane Vault | 5 | |
| Keep | 2 | |
| Town Hall | 6 | |
| Lumber Mill | 2 | |
| Castle | 1 | |
| Scout Tower | 56 | |
| Blacksmith | 2 | |
| Gryphon Aviary | 8 | |
| Guard Tower | 28 | |
130 total
» build order
00:35 Altar of Kings
00:37 Barracks
00:45 Barracks
00:49 Altar of Kings
00:51 Farm
00:54 Farm
01:06 Farm
01:36 Farm
02:58 Arcane Vault
03:44 Keep
04:06 Town Hall
05:39 Lumber Mill
06:24 Castle
07:13 Scout Tower
07:13 Scout Tower
07:13 Scout Tower
07:14 Scout Tower
07:15 Scout Tower
08:03 Blacksmith
08:04 Blacksmith
08:11 Gryphon Aviary
08:11 Gryphon Aviary
08:12 Gryphon Aviary
08:12 Gryphon Aviary
08:18 Farm
08:44 Guard Tower
11:27 Gryphon Aviary
11:27 Gryphon Aviary
11:28 Gryphon Aviary
11:33 Gryphon Aviary
14:18 Arcane Vault
14:20 Arcane Vault
14:49 Scout Tower
14:50 Scout Tower
14:50 Scout Tower
14:52 Scout Tower
14:58 Scout Tower
15:32 Guard Tower
16:52 Farm
16:52 Farm
16:52 Farm
16:55 Farm
16:59 Farm
16:59 Farm
17:39 Scout Tower
17:45 Scout Tower
17:46 Scout Tower
17:49 Scout Tower
17:49 Scout Tower
17:54 Scout Tower
17:57 Scout Tower
17:59 Scout Tower
18:02 Scout Tower
18:04 Scout Tower
18:05 Scout Tower
18:08 Scout Tower
18:09 Scout Tower
18:18 Guard Tower
18:18 Guard Tower
18:19 Guard Tower
18:22 Guard Tower
18:22 Guard Tower
18:22 Guard Tower
18:24 Guard Tower
18:24 Guard Tower
18:25 Guard Tower
18:34 Guard Tower
18:35 Guard Tower
18:35 Guard Tower
18:35 Guard Tower
18:53 Guard Tower
18:53 Guard Tower
19:15 Scout Tower
19:18 Scout Tower
19:20 Scout Tower
19:25 Guard Tower
19:48 Guard Tower
19:50 Guard Tower
25:34 Town Hall
25:38 Scout Tower
25:39 Scout Tower
25:39 Scout Tower
25:40 Scout Tower
25:40 Scout Tower
25:41 Scout Tower
25:41 Scout Tower
27:09 Guard Tower
27:19 Scout Tower
27:20 Scout Tower
27:20 Scout Tower
27:22 Scout Tower
27:23 Scout Tower
27:23 Scout Tower
27:29 Town Hall
27:31 Scout Tower
27:32 Scout Tower
27:32 Scout Tower
27:32 Scout Tower
27:33 Scout Tower
27:34 Scout Tower
27:34 Scout Tower
27:35 Scout Tower
27:39 Arcane Vault
28:59 Guard Tower
29:01 Guard Tower
33:29 Town Hall
34:10 Town Hall
37:29 Keep
38:11 Town Hall
38:14 Scout Tower
38:15 Scout Tower
38:15 Scout Tower
38:15 Scout Tower
38:16 Scout Tower
38:17 Scout Tower
38:17 Scout Tower
38:18 Scout Tower
38:21 Arcane Vault
40:00 Lumber Mill
40:29 Guard Tower
40:58 Farm
41:01 Farm
41:04 Farm
41:06 Farm
41:53 Guard Tower
44:03 Altar of Kings
» items
| Scroll of Regeneration | 5 | |
| Mechanical Critter | 5 | |
| Scroll of Town Portal | 1 | |
| Potion of Healing | 1 | |
12 total
imnumber1 (
green | 25 APM | 1241 actions | 49:54)
6 Keeper of the Grove
2 Force of Nature
3 Entangling Roots
1 Tranquility
» actions
| Assign group hotkey | 14 | |
| Basic commands | 26 | |
| Build / train | 68 | |
| Enter build submenu | 25 | |
| Enter hero's abilities submenu | 7 | |
| Right click | 506 | |
| Select / deselect | 371 | |
| Select group hotkey | 173 | |
| Use ability | 51 | |
1241 total
» units
| Wisp | 33 | |
| Archer | 3 | |
| Hippogryph | 11 | |
| Chimaera | 5 | |
52 total
» upgrades
| Strength of the Wild | 3 | |
| Reinforced Hides | 2 | |
| Corrosive Breath | 1 | |
6 total
» buildings
| Altar of Elders | 2 | |
| Moon Well | 15 | |
| Ancient of War | 1 | |
| Hunter's Hall | 1 | |
| Tree of Ages | 2 | |
| Tree of Life | 4 | |
| Ancient Protector | 3 | |
| Tree of Eternity | 1 | |
| Ancient of Wind | 4 | |
| Chimaera Roost | 5 | |
38 total
» build order
00:17 Altar of Elders
00:25 Moon Well
01:26 Ancient of War
01:52 Moon Well
02:16 Hunter's Hall
02:51 Moon Well
03:46 Tree of Ages
05:18 Tree of Life
05:26 Ancient Protector
05:28 Ancient Protector
05:31 Ancient Protector
05:38 Moon Well
05:41 Moon Well
05:42 Moon Well
06:14 Tree of Eternity
07:09 Ancient of Wind
08:45 Chimaera Roost
08:47 Chimaera Roost
08:48 Chimaera Roost
11:28 Chimaera Roost
11:38 Ancient of Wind
11:44 Chimaera Roost
12:47 Moon Well
12:50 Moon Well
12:52 Moon Well
15:24 Tree of Life
19:50 Ancient of Wind
20:09 Ancient of Wind
23:11 Tree of Life
24:05 Tree of Life
28:55 Altar of Elders
28:57 Moon Well
28:58 Moon Well
28:59 Moon Well
30:30 Moon Well
30:31 Moon Well
30:32 Moon Well
30:36 Tree of Ages
BDJ (
orange | 14 APM | 723 actions | 49:54)
2 Keeper of the Grove
1 Entangling Roots
1 Thorns Aura
1 Priestess of the Moon
1 Trueshot Aura
» actions
| Assign group hotkey | 13 | |
| Basic commands | 37 | |
| Build / train | 35 | |
| ESC pressed | 2 | |
| Enter build submenu | 26 | |
| Enter hero's abilities submenu | 3 | |
| Remove unit from queue | 1 | |
| Right click | 218 | |
| Select / deselect | 237 | |
| Select group hotkey | 65 | |
| Use ability | 86 | |
723 total
» units
» upgrades
| Ultravision | 1 | |
| Strength of the Moon | 1 | |
| Moon Armor | 1 | |
| Improved Bows | 1 | |
| Strength of the Wild | 1 | |
| Reinforced Hides | 1 | |
6 total
» buildings
| Moon Well | 4 | |
| Ancient of War | 1 | |
| Altar of Elders | 1 | |
| Hunter's Hall | 1 | |
| Ancient of Wonders | 1 | |
| Ancient Protector | 6 | |
| Tree of Ages | 1 | |
| Ancient of Lore | 1 | |
| Ancient of Wind | 1 | |
| Tree of Life | 6 | |
23 total
» build order
00:26 Moon Well
00:47 Ancient of War
01:03 Altar of Elders
01:29 Moon Well
02:19 Hunter's Hall
02:55 Ancient of Wonders
03:30 Ancient Protector
03:50 Ancient Protector
04:21 Tree of Ages
05:05 Moon Well
05:39 Moon Well
07:27 Ancient of Lore
07:36 Ancient of Wind
08:01 Tree of Life
11:34 Tree of Life
11:37 Tree of Life
11:40 Tree of Life
11:45 Tree of Life
11:49 Tree of Life
14:06 Ancient Protector
14:06 Ancient Protector
14:12 Ancient Protector
14:16 Ancient Protector
team 2 (winner)
RodTheMighty (
purple | 74 APM | 3845 actions | 52:13)
7 Archmage
3 Summon Water Elemental
3 Brilliance Aura
1 Mass Teleport
6 Paladin
3 Holy Light
3 Divine Shield
» actions
| Assign group hotkey | 95 | |
| Basic commands | 54 | |
| Build / train | 140 | |
| ESC pressed | 3 | |
| Enter build submenu | 87 | |
| Enter hero's abilities submenu | 13 | |
| Give item / drop item | 6 | |
| Right click | 1627 | |
| Select / deselect | 536 | |
| Select group hotkey | 1013 | |
| Use ability | 271 | |
3845 total
» units
| Peasant | 20 | |
| Footman | 6 | |
| Goblin Shredder | 4 | |
| Goblin Zeppelin | 2 | |
| Gryphon Rider | 3 | |
| Dragonhawk Rider | 2 | |
37 total
» upgrades
| Masonry | 3 | |
| Storm Hammers | 1 | |
| Cloud | 1 | |
| Lumber Harvesting | 2 | |
| Defend | 1 | |
| Swords | 3 | |
| Armor | 3 | |
| Animal War Training | 1 | |
| Spiked Barricades | 1 | |
| Backpack | 1 | |
| Plating | 1 | |
| Gunpowder | 1 | |
19 total
» buildings
| Altar of Kings | 1 | |
| Barracks | 2 | |
| Farm | 25 | |
| Arcane Vault | 3 | |
| Lumber Mill | 2 | |
| Town Hall | 6 | |
| Keep | 5 | |
| Scout Tower | 35 | |
| Guard Tower | 27 | |
| Castle | 6 | |
| Gryphon Aviary | 12 | |
| Blacksmith | 3 | |
127 total
» build order
00:53 Altar of Kings
00:57 Barracks
01:02 Farm
01:06 Farm
01:15 Farm
02:06 Arcane Vault
02:10 Arcane Vault
02:19 Farm
03:18 Lumber Mill
04:02 Town Hall
05:40 Keep
05:40 Keep
05:46 Scout Tower
05:47 Scout Tower
05:49 Scout Tower
07:24 Guard Tower
07:25 Guard Tower
08:14 Castle
08:14 Castle
08:18 Gryphon Aviary
08:18 Gryphon Aviary
10:22 Town Hall
10:25 Scout Tower
10:26 Scout Tower
10:26 Scout Tower
10:27 Scout Tower
10:28 Scout Tower
10:28 Scout Tower
10:29 Scout Tower
10:30 Scout Tower
10:30 Scout Tower
10:32 Barracks
10:59 Guard Tower
10:59 Guard Tower
11:02 Scout Tower
11:08 Scout Tower
11:24 Farm
11:25 Farm
12:22 Guard Tower
12:22 Guard Tower
12:23 Keep
12:23 Keep
13:12 Farm
13:14 Farm
13:16 Farm
13:21 Scout Tower
13:22 Scout Tower
13:23 Scout Tower
13:23 Scout Tower
13:24 Scout Tower
13:25 Scout Tower
13:26 Scout Tower
13:27 Scout Tower
13:28 Scout Tower
13:35 Gryphon Aviary
13:38 Gryphon Aviary
14:03 Guard Tower
14:03 Guard Tower
14:03 Guard Tower
14:04 Guard Tower
14:04 Guard Tower
14:50 Guard Tower
14:50 Guard Tower
14:50 Guard Tower
15:04 Blacksmith
15:04 Blacksmith
16:02 Gryphon Aviary
16:03 Gryphon Aviary
16:06 Scout Tower
16:07 Scout Tower
16:07 Scout Tower
17:10 Guard Tower
17:11 Guard Tower
23:31 Farm
23:32 Farm
23:36 Farm
23:39 Farm
23:39 Farm
23:42 Farm
23:43 Farm
29:01 Town Hall
30:59 Town Hall
31:20 Castle
31:20 Castle
31:20 Castle
31:23 Gryphon Aviary
31:24 Gryphon Aviary
31:25 Gryphon Aviary
31:27 Gryphon Aviary
31:35 Gryphon Aviary
31:36 Blacksmith
31:49 Scout Tower
31:50 Scout Tower
31:51 Scout Tower
31:51 Scout Tower
32:04 Scout Tower
32:05 Scout Tower
32:06 Scout Tower
32:06 Scout Tower
32:07 Scout Tower
32:25 Guard Tower
32:26 Guard Tower
32:39 Guard Tower
32:39 Guard Tower
32:40 Guard Tower
34:55 Lumber Mill
36:40 Town Hall
36:51 Gryphon Aviary
38:30 Arcane Vault
41:17 Farm
41:20 Farm
41:21 Farm
41:23 Farm
42:47 Farm
42:52 Farm
43:23 Farm
43:25 Farm
44:13 Farm
45:16 Town Hall
» items
| Staff of Teleportation | 2 | |
| Lesser Clarity Potion | 1 | |
| Healing Salve | 1 | |
| Scroll of Town Portal | 4 | |
| Potion of Lesser Invulnerability | 2 | |
| Periapt of Vitality | 1 | |
| Boots of Speed | 1 | |
| Orb of Lightning | 1 | |
| Scroll of Regeneration | 1 | |
14 total

»
heavydangle (
yellow | 31 APM | 965 actions | 31:03)
4 Dreadlord
2 Sleep
2 Vampiric Aura
4 Death Knight
1 Death Coil
2 Unholy Aura
1 Death Pact
1 Demon Hunter
1 Immolation
1 Tauren Chieftain
1 Reincarnation
» actions
| Assign group hotkey | 30 | |
| Build / train | 74 | |
| Enter build submenu | 27 | |
| Enter hero's abilities submenu | 10 | |
| Right click | 269 | |
| Select / deselect | 279 | |
| Select group hotkey | 221 | |
| Use ability | 55 | |
965 total
» units
| Acolyte | 7 | |
| Ghoul | 9 | |
| Makrura Snapper | 1 | |
| Crypt Fiend | 7 | |
| Frost Wyrm | 6 | |
| Blue Dragon | 4 | |
| Troll Batrider | 15 | |
49 total
» upgrades
| Creature Attack | 3 | |
| Web | 1 | |
| Freezing Breath | 1 | |
| Creature Carapace | 3 | |
8 total
» buildings
| Altar of Darkness | 1 | |
| Ziggurat | 10 | |
| Crypt | 1 | |
| Halls of the Dead | 2 | |
| Tomb of Relics | 1 | |
| Graveyard | 1 | |
| Black Citadel | 1 | |
| Sacrificial Pit | 1 | |
| Boneyard | 2 | |
| Spirit Tower | 2 | |
| Necropolis | 1 | |
| Watch Tower | 4 | |
27 total
» build order
00:07 Altar of Darkness
00:10 Ziggurat
00:41 Crypt
01:29 Ziggurat
02:58 Halls of the Dead
03:49 Tomb of Relics
04:06 Ziggurat
04:43 Graveyard
05:38 Black Citadel
07:10 Ziggurat
07:41 Sacrificial Pit
08:09 Ziggurat
09:20 Boneyard
09:23 Boneyard
12:01 Ziggurat
12:05 Ziggurat
13:17 Ziggurat
13:21 Ziggurat
13:24 Ziggurat
15:46 Spirit Tower
15:58 Spirit Tower
19:03 Necropolis
21:35 Halls of the Dead
28:33 Watch Tower
28:41 Watch Tower
28:46 Watch Tower
29:20 Watch Tower

»
incredibl3hulk (
pink | 46 APM | 1129 actions | 24:23)
3 Demon Hunter
1 Immolation
2 Evasion
3 Pandaren Brewmaster
2 Drunken Haze
1 Breath of Fire
» actions
| Assign group hotkey | 14 | |
| Basic commands | 13 | |
| Build / train | 72 | |
| Enter build submenu | 26 | |
| Enter hero's abilities submenu | 7 | |
| Give item / drop item | 5 | |
| Remove unit from queue | 1 | |
| Right click | 384 | |
| Select / deselect | 178 | |
| Select group hotkey | 374 | |
| Use ability | 54 | |
1129 total
» units
| Wisp | 25 | |
| Dryad | 13 | |
| Blue Dragon Whelp | 2 | |
| Blue Drake | 1 | |
| Troll Batrider | 6 | |
47 total
» upgrades
| Strength of the Wild | 3 | |
| Reinforced Hides | 3 | |
| Abolish Magic | 1 | |
7 total
» buildings
| Altar of Elders | 1 | |
| Moon Well | 6 | |
| Ancient of War | 1 | |
| Hunter's Hall | 1 | |
| Tree of Ages | 1 | |
| Ancient of Wonders | 1 | |
| Ancient of Lore | 2 | |
| Tree of Life | 1 | |
| Tree of Eternity | 1 | |
| Ancient Protector | 10 | |
25 total
» build order
00:08 Altar of Elders
00:10 Moon Well
00:54 Ancient of War
01:48 Hunter's Hall
01:52 Moon Well
02:43 Tree of Ages
02:57 Moon Well
03:16 Ancient of Wonders
03:51 Moon Well
05:10 Ancient of Lore
05:12 Ancient of Lore
05:15 Moon Well
06:08 Moon Well
09:13 Tree of Life
09:50 Tree of Eternity
18:10 Ancient Protector
18:13 Ancient Protector
18:17 Ancient Protector
18:19 Ancient Protector
19:06 Ancient Protector
19:20 Ancient Protector
19:23 Ancient Protector
19:28 Ancient Protector
20:20 Ancient Protector
20:22 Ancient Protector
» items
| Potion of Healing | 3 | |
| Orb of Venom | 1 | |
| Potion of Mana | 1 | |
| Orb of Fire | 1 | |
| Scroll of Town Portal | 1 | |
| Scroll of Regeneration | 1 | |
8 total

»
KimurA2 (
blue | 36 APM | 750 actions | 21:03)
5 Tauren Chieftain
2 War Stomp
3 Endurance Aura
» actions
| Build / train | 87 | |
| Enter build submenu | 31 | |
| Enter hero's abilities submenu | 6 | |
| Give item / drop item | 3 | |
| Remove unit from queue | 21 | |
| Right click | 289 | |
| Select / deselect | 181 | |
| Use ability | 132 | |
750 total
» units
| Peon | 18 | |
| Grunt | 6 | |
| Makrura Snapper | 1 | |
| Giant Sea Turtle | 1 | |
| Goblin Shredder | 1 | |
| Wind Rider | 17 | |
44 total
» upgrades
| Pillage | 1 | |
| Backpack | 1 | |
| Armor | 1 | |
| Melee Weapons | 2 | |
| Ranged Weapons | 2 | |
| Spiked Barricades | 2 | |
| Reinforced Defenses | 1 | |
| Envenomed Spears | 1 | |
11 total
» buildings
| Altar of Storms | 2 | |
| Orc Burrow | 11 | |
| Barracks | 1 | |
| War Mill | 1 | |
| Voodoo Lounge | 2 | |
| Stronghold | 3 | |
| Great Hall | 1 | |
| Watch Tower | 4 | |
| Fortress | 1 | |
| Beastiary | 6 | |
32 total
» build order
00:27 Altar of Storms
00:43 Orc Burrow
00:57 Barracks
01:42 War Mill
01:54 Orc Burrow
02:28 Voodoo Lounge
03:21 Orc Burrow
04:09 Stronghold
05:09 Great Hall
05:33 Watch Tower
05:35 Watch Tower
05:40 Watch Tower
07:12 Orc Burrow
07:28 Watch Tower
07:32 Orc Burrow
07:48 Orc Burrow
09:11 Fortress
09:15 Beastiary
10:30 Beastiary
10:59 Voodoo Lounge
11:42 Orc Burrow
11:46 Orc Burrow
17:22 Orc Burrow
19:11 Orc Burrow
19:13 Orc Burrow
20:21 Stronghold
20:24 Altar of Storms
20:29 Beastiary
20:35 Beastiary
20:38 Beastiary
» items
| Healing Salve | 3 | |
| Boots of Speed | 1 | |
| Potion of Lesser Invulnerability | 1 | |
| Potion of Healing | 5 | |
| Orb of Lightning | 1 | |
| Scroll of Speed | 1 | |
| Scroll of Town Portal | 1 | |
13 total
Chat log
(00:12 / Allies) incredibl3hulk: this is not a rush map
(00:14 / Allies) incredibl3hulk: lets rush
(00:15 / Allies) incredibl3hulk: ahrd
(00:17 / Allies) incredibl3hulk: hard!!!!!
(00:19 / Allies) RodTheMighty: lol
(00:21 / Allies) incredibl3hulk: yea?
(00:21 / All) FionaApple: I HATE MYSELF FOR LOVING YOU
(00:24 / Allies) RodTheMighty: I no rush
(00:27 / All) FionaApple: YEAH JAM
(00:29 / Allies) incredibl3hulk: come one!!!!!!
(00:30 / All) CHICKENNTURKEY: joan jett #1
(00:31 / All) FionaApple: GET TURNT UP IN THIS BITCH
(00:33 / Allies) incredibl3hulk: we would rush a late reush!!!!!
(00:35 / Allies) incredibl3hulk: tons of units
(00:37 / Allies) incredibl3hulk: tier 1
(00:42 / Allies) incredibl3hulk: just destroy it!!!!??!?!!
(00:44 / Allies) incredibl3hulk: yes???
(00:47 / Allies) incredibl3hulk: come on!!!
(00:59 / Allies) heavydangle: going frosts
(01:00 / Allies) incredibl3hulk: input guys??????
(01:02 / Allies) incredibl3hulk: jess
(01:10 / Allies) RodTheMighty: Gave you my input, I no rush
(01:23 / Allies) heavydangle: then no.
(01:23 / Allies) KimurA2: big map no eush
(01:36 / Allies) incredibl3hulk: k
(01:40 / Allies) incredibl3hulk: i mass dyrADS THEBN
(05:53 / Allies) heavydangle: pink
(05:56 / Allies) incredibl3hulk: what
(05:59 / Allies) heavydangle: nm
(06:17 / All) RodTheMighty: d
(06:20 / Allies) incredibl3hulk: damnit
(06:27 / Allies) incredibl3hulk: he is smart
(06:56 / Allies) heavydangle: pink get your hero off me
(07:10 / Allies) incredibl3hulk: fuck off
(07:17 / Allies) RodTheMighty: pink trying to xp leech?
(07:22 / Allies) incredibl3hulk: no
(07:24 / Allies) incredibl3hulk: didn't get shit
(07:28 / Allies) RodTheMighty: good if you were trying to
(07:34 / Allies) RodTheMighty: leecher fag
(10:22 / Allies) heavydangle: pink come
(10:30 / All) RodTheMighty: D
(10:30 / All) RodTheMighty: D
(10:31 / Allies) heavydangle: or purple
(10:35 / Allies) incredibl3hulk: watch
(10:37 / Allies) incredibl3hulk: omw
(10:48 / Allies) RodTheMighty: I'm here but we don't have enough to creep this
(10:50 / Allies) RodTheMighty: with 2 of us
(10:52 / Allies) RodTheMighty: I have footies and heroes
(11:02 / Allies) incredibl3hulk: they're durnk
(11:21 / All) CHICKENNTURKEY: LOL
(13:42 / Allies) incredibl3hulk: hit?
(13:59 / All) RodTheMighty: D
(13:59 / All) RodTheMighty: D
(14:00 / All) RodTheMighty: D
(14:28 / Allies) incredibl3hulk: shit the fuck?
(14:39 / Allies) incredibl3hulk: les go
(14:46 / Allies) incredibl3hulk: stop fiddlefarting
(15:01 / All) RodTheMighty: D
(15:01 / All) RodTheMighty: D
(15:28 / All) RodTheMighty: D
(15:28 / All) RodTheMighty: D
(15:45 / All) RodTheMighty: DD
(15:50 / Allies) incredibl3hulk: lmfao
(15:51 / All) BDJ: blues computer made of wood?
(15:53 / All) CHICKENNTURKEY: disc hack?
(16:00 / Allies) incredibl3hulk: lol
(16:01 / Allies) incredibl3hulk: wow
(16:03 / Allies) incredibl3hulk: bombs
(16:23 / Allies) incredibl3hulk: having fun blue?
(16:28 / Allies) incredibl3hulk: kill those gryphs
(16:37 / All) RodTheMighty: D
(16:37 / All) RodTheMighty: D
(16:38 / All) FionaApple: ugh
(16:38 / All) CHICKENNTURKEY: blue wtf
(16:55 / Allies) incredibl3hulk: freeze towers
(16:58 / Allies) incredibl3hulk: individually
(17:07 / Allies) RodTheMighty: doubt he has the micro for that pink
(17:14 / Allies) RodTheMighty: what do you think this is, wcg
(17:17 / Allies) incredibl3hulk: who
(17:24 / Allies) incredibl3hulk: yellow/
(17:25 / Allies) incredibl3hulk: ?
(17:35 / Allies) incredibl3hulk: i will tp when he hit base
(17:39 / All) RodTheMighty: D
(17:39 / All) RodTheMighty: D
(17:42 / All) FionaApple: GHETTO NIGGER
(17:49 / Allies) incredibl3hulk: prp
(18:33 / Allies) RodTheMighty: noob blue wtf
(18:33 / Allies) incredibl3hulk: lmfao
(18:45 / All) RodTheMighty: D
(18:46 / Allies) KimurA2: fuck noobs
(18:47 / Allies) incredibl3hulk: you speak english?
(18:50 / All) RodTheMighty: D
(18:51 / All) RodTheMighty: D
(19:41 / All) CHICKENNTURKEY: lagging nigger
(19:46 / Allies) KimurA2: the best team
(19:46 / Allies) incredibl3hulk: yellow
(19:47 / Allies) heavydangle: purple come
(19:47 / Allies) incredibl3hulk: go freeze
(19:49 / Allies) incredibl3hulk: fucking towers
(19:50 / Allies) incredibl3hulk: fuck
(20:00 / Allies) RodTheMighty: hit gren
(20:02 / Allies) incredibl3hulk: go
(20:05 / Allies) incredibl3hulk: use wymrs
(20:08 / Allies) KimurA2: fuck seus bichas
(20:55 / Allies) RodTheMighty: noobs
(21:03 / All) RodTheMighty: WOOOO!!!!!!!
(21:18 / Allies) incredibl3hulk: lol 2700 wood
(21:24 / Allies) RodTheMighty: ?
(22:32 / All) CHICKENNTURKEY: offense over defense, bitch
(23:43 / 4) FionaApple: this game?
(23:54 / 5) RodTheMighty: think it'd work?
(23:55 / Allies) heavydangle: purple come
(24:04 / Allies) incredibl3hulk: lol
(24:14 / 4) FionaApple: yeah
(24:34 / 5) RodTheMighty: let's do it or no?
(24:51 / 4) FionaApple: I did
(24:53 / 4) FionaApple: I unsquelched him
(25:03 / 5) RodTheMighty: getting hawks then I kill him and green
(27:01 / Allies) RodTheMighty: hit here
(27:15 / Allies) heavydangle: puirple come
(27:21 / 5) RodTheMighty: I
(27:23 / Allies) RodTheMighty: I got mass tp
(27:34 / Allies) RodTheMighty: I'll be there
(27:36 / Allies) RodTheMighty: as soon s you attack
(29:54 / Allies) RodTheMighty: coming
(30:05 / All) BDJ: HAHHAHAHAHAHAHA
(30:17 / Allies) heavydangle: purple fitght
(31:29 / 4) FionaApple: not this game either
(31:33 / 4) FionaApple: maybe another will be more favorable
(31:40 / All) CHICKENNTURKEY: i dont like orange hes a dick to me
(32:29 / All) BDJ: hey Purple
(32:30 / All) BDJ: leave
(32:32 / All) BDJ: faggot
(32:34 / All) RodTheMighty: lol
(32:37 / All) BDJ: jk gg
(32:37 / All) RodTheMighty: I'm raping you all game
(32:43 / All) CHICKENNTURKEY: i can tkill farms with no room to build oj
(32:49 / All) RodTheMighty: you haven't done shit
(32:52 / All) CHICKENNTURKEY: make imean
(32:53 / All) RodTheMighty: your allies are winning for you asshole
(32:57 / All) RodTheMighty: little baby back bitch
(33:03 / All) BDJ: obviously
(33:09 / All) BDJ: i uprooted and TKed teal
(33:10 / All) BDJ: so
(33:19 / All) FionaApple: Orange threw a temper tantrum
(33:37 / All) BDJ: teal had 5 thousand gold and i asked for 100 and he said no
(33:39 / All) BDJ: so thats a TK
(33:47 / All) RodTheMighty: how much does he have now?
(33:51 / All) BDJ: 6500
(33:54 / All) RodTheMighty: I have 14k
(34:03 / All) RodTheMighty: I'm going to own you scrubs
(34:44 / All) BDJ: about that
(34:47 / All) BDJ: prolly not purple
(35:01 / All) BDJ: you see teal enjoys taking it in the ass
(35:02 / All) BDJ: so rape
(35:03 / All) CHICKENNTURKEY: i honestly think i have more idiotic allies; oj did nothing but swear at me, green begged for gold
(35:07 / All) BDJ: is something he uses to his advantage
(35:20 / All) RodTheMighty: you're shit
(35:24 / All) FionaApple: you have more sand than the saharra desert up your vag
(35:29 / All) RodTheMighty: I 1v1 you any day orange
(36:22 / All) RodTheMighty: I 1v1 you any day orange
(36:29 / All) RodTheMighty: I rape you anywhere, anytime solo
(36:41 / All) BDJ: probably
(36:48 / All) BDJ: now leave like a good little twat
(36:57 / All) RodTheMighty: I am not leaving until it says defeat
(37:03 / All) RodTheMighty: since I still have a chance to win
(37:07 / All) BDJ: k il go have dinner
(38:36 / All) FionaApple: shut up cucks
(38:56 / All) RodTheMighty: orange is a cuck
(39:05 / All) RodTheMighty: all he can do is watch while another player wins
(40:21 / All) RodTheMighty: damn level 3 masonry buildings take a long time to kill
(41:03 / All) RodTheMighty: orange you here faggot?
(43:41 / All) FionaApple: You still there orange?
(43:45 / All) RodTheMighty: orange?
(43:54 / All) RodTheMighty: you lose motherfucker noob
(44:20 / All) FionaApple: Yo orange!
(44:24 / All) FionaApple: How mad you are?
(45:11 / All) FionaApple: Happy?
(48:29 / All) FionaApple: ALL MY FRIENDS CANT SLEEP
(48:37 / All) FionaApple: WERE TRYNA FIGURE OUT WHATS WRONG WITH US
(48:42 / All) FionaApple: ALL MY FRIENDS CANT SLEEP
(48:47 / All) FionaApple: WERE TRYNA FIGURE OUT WHATS WRONG WITH US
(49:07 / All) FionaApple: Last words, orange?